 Dungeon Crawl Stone Soup version 0.25-a0-513-ge77a69270c (webtiles) character file.

Game seed: 12356545995917718102, levelgen mode: deterministic

112 ICC the Stinger (level 4, -4/54 HPs)
             Began as a Naga Venom Mage on Feb 16, 2020.
             Shot with an arrow by a centaur (13 damage)
             ... on level 3 of the Dungeon.
             The game lasted 00:17:13 (1379 turns).

ICC the Stinger (Naga Venom Mage)                   Turns: 1379, Time: 00:17:13

Health: -4/54      AC:  2    Str: 13 (15) XL:     4   Next: 95%
Magic:  1/10       EV:  9    Int: 19 (22) God:
Gold:   123        SH:  0    Dex:  8 (11) Spells: 2/11 levels left

rFire    . . .     SeeInvis +   n - +1 dagger (elec)
rCold    . . .     Gourm    .   (no shield)
rNeg     . . .     Faith    .   a - +0 robe
rPois    +         Spirit   .   (no helmet)
rElec    .         Reflect  .   (no cloak)
rCorr    .         Harm     .   (no gloves)
MR       .....                  (no barding)
Stlth    ..........             (no amulet)
HPRegen  0.18/turn              r - ring of stealth
MPRegen  0.12/turn              (no ring)

@: brilliant, berserking (expiring), flying, very slightly contaminated, quick
A: large, see invisible, deformed body, poison resistance, slowness 2, slow
metabolism 1, spit poison 1, AC +1
a: Spit Poison


You were on level 3 of the Dungeon.
You were hungry.

You visited 1 branch of the dungeon, and saw 3 of its levels.

You collected 123 gold pieces.

Inventory:

Hand Weapons
 n - a +1 dagger of electrocution (weapon)
Missiles
 k - 5 javelins (quivered)
Armour
 a - a +0 robe (worn)
Jewellery
 r - a ring of stealth (left hand)
Scrolls
 b - a scroll of random uselessness {unknown}
 f - 2 scrolls of teleportation {unknown}
 g - 3 scrolls of identify {unknown}
 i - a scroll of amnesia {unknown}
 j - a scroll of enchant weapon {unknown}
 m - a scroll of blinking {unknown}
 p - a scroll of remove curse {unknown}
Potions
 d - a potion of curing
 e - a potion of degeneration
 l - a potion of mutation {unknown}
Comestibles
 c - 5 rations


   Skills:
 - Level 1.5 Dodging
 - Level 3.0 Stealth
 + Level 4.0 Spellcasting
 - Level 1.1 Conjurations
 - Level 1.0 Transmutations
 - Level 1.0 Fire Magic
 - Level 1.0 Air Magic
 - Level 4.0 Poison Magic


You had 2 spell levels left.
You knew the following spells:

 Your Spells              Type           Power        Failure   Level  Hunger
a - Sting                 Tmut/Pois      ###.         1%          1    None
b - Ignite Poison         Fire/Tmut/Pois ###.....     2%          3    ###....
c - Poisonous Vapours     Pois/Air       ###...       1%          2    ##.....
d - Mephitic Cloud        Conj/Pois/Air  ###.....     2%          3    ###....

Your spell library contained the following spells:

 Spells                   Type           Power        Failure   Level  Hunger
 Olgreb's Toxic Radiance  Pois           ####....     3%          4    ####...


Dungeon Overview and Level Annotations

Branches:
Dungeon (3/15)

Altars:


Innate Abilities, Weirdness & Mutations

You cannot wear boots.
Your serpentine skin is tough. (AC +1)
You have supernaturally acute eyesight. (SInv)
Armour fits poorly on your strangely shaped body.
Your system is resistant to poisons. (rPois)
You cover ground very slowly.
You have a slow metabolism.
You can spit poison.


Message History

It was a potion of brilliance.
You feel clever all of a sudden.
The centaur shoots an arrow.
The arrow barely misses you.
It was a potion of flight.
You feel very buoyant.
You fly up into the air.
The centaur shoots an arrow.
The arrow hits you.
* * * LOW HITPOINT WARNING * * *
It was a potion of berserk rage.
A red film seems to cover your vision as you go berserk!
You feel yourself moving faster!
You feel mighty!
The centaur shoots an arrow.
The arrow closely misses you.
The centaur shoots an arrow.
The arrow barely misses you.
A rat comes into view.
You feel a strong urge to attack something.
The centaur shoots an arrow.
The arrow hits you!
* * * LOW HITPOINT WARNING * * *
Things that are here:
an arrow; a giant cockroach corpse The centaur shoots an arrow.
The arrow hits you!
You die...

#.#.......#
#.#.......#
#.#.#.....#
#.#.'.....#
#.###.....#
#.# ###.###
#(# #.#
###(#####.#
#$.†@.....#
#........##
#........#
#.$Kc....#
#....r...#
#........#
#........#
#.........
###.K......


You could see a centaur, a kobold and a rat.

Vanquished Creatures
  2 adders (D:3)
  3 dart slugs
  A leopard gecko (D:2)
  2 ball pythons
  3 bats
  15 giant cockroaches
  13 goblins
  10 hobgoblins
  4 jackals
  2 quokkas
  5 frilled lizards
  5 kobolds
  5 rats
70 creatures vanquished.

Vanquished Creatures (others)
  An adder (D:3)
1 creature vanquished.

Grand Total: 71 creatures vanquished

Notes
Turn   | Place    | Note
-------+----------+-------------------------------------------
     0 | D:1      | ICC the Naga Venom Mage began the quest for the Orb.
     0 | D:1      | Reached XP level 1. HP: 15/15 MP: 3/3
   193 | D:1      | Reached XP level 2. HP: 3/22 MP: 3/5
   249 | D:1      | Learned a level 2 spell: Poisonous Vapours
   576 | D:2      | Reached skill level 1 in Air Magic
   591 | D:2      | Reached XP level 3. HP: 28/28 MP: 3/7
   599 | D:2      | Learned a level 3 spell: Ignite Poison
   782 | D:2      | Reached skill level 1 in Fire Magic
   887 | D:2      | Reached XP level 4. HP: 36/36 MP: 7/9
   892 | D:2      | Learned a level 3 spell: Mephitic Cloud
  1293 | D:3      | Reached skill level 1 in Conjurations
  1335 | D:3      | Noticed a centaur
  1379 | D:3      | Shot with an arrow by a centaur

Levels and vault maps discovered:
D:1:      lightli_arrival_flooded_house, layout_rooms, minmay_misc_feat_room
D:2:      minmay_roachtagon, layout_loops_ring
D:3:      layout_basic, minmay_distorted

Skill      XL: |  1  2  3  4 |
---------------+-------------+-----
Air Magic      | 1 |  1.0
Spellcasting   | 3 4 |  4.0
Fire Magic     | 1 |  1.0
Conjurations   | 1 |  1.1
Dodging        | |  1.5
Stealth        | |  3.0
Transmutations | |  1.0
Poison Magic   | |  4.0

Action                   |  1- 3 |  4- 6 || total
-------------------------+-------+-------++-------
Melee: Unarmed           |    11 |       ||    11
       Dagger            |    19 |    44 ||    63
       Club              |     1 |       ||     1
 Cast: Sting             |    21 |     8 ||    29
       Poisonous Vapours |    11 |     5 ||    16
       Mephitic Cloud    |       |     4 ||     4
 Abil: Spit Poison       |    18 |     7 ||    25
  Use: Potion            |       |     5 ||     5
 Stab: Sleeping          |     6 |     1 ||     7
  Eat: Chunk             |     1 |     2 ||     3
Armor: Robe              |     5 |    12 ||    17
Dodge: Dodged            |    21 |    36 ||    57

Table legend:
 A = Non-vault XP
 B = Vault XP
 C = Vault XP percentage of total XP
 D = Non-vault monster count
 E = Vault monster count
 F = Vault count percentage of total count
                 A         B        C        D         E       F
            +---------+---------+-------+---------+---------+-------
      Total |     142 |      19 |  11.8 |      61 |      10 |  14.1
            +---------+---------+-------+---------+---------+-------
        D:1 |      29 |       0 |   0.0 |      14 |       0 |   0.0
        D:2 |      57 |      18 |  24.0 |      30 |       9 |  23.1
        D:3 |      56 |       1 |   1.8 |      17 |       1 |   5.6
            +---------+---------+-------+---------+---------+-------
